 Dungeon Crawl Stone Soup version 0.26-a0-812-g31a745ddcd (webtiles) character file.

Game seed: 7915934191143318658

2805 night the Geomancer (level 9, -3/69 HPs)
             Began as a Demonspawn Earth Elementalist on Dec 2, 2020.
             Was a Follower of Makhleb.
             Killed from afar by an electric eel (10 damage)
             ... with a bolt of electricity
             ... on level 9 of the Dungeon on Dec 3, 2020.
             The game lasted 00:31:30 (11449 turns).

night the Geomancer (DsEE)                         Turns: 11449, Time: 00:31:30

Health: -3/69      AC: 10    Str:  8    XL:     9   Next: 44%
Magic:  16/16      EV: 14    Int: 20    God:    Makhleb [*.....]
Gold:   179        SH:  4    Dex: 14    Spells: 8/17 levels left

rFire    . . .     SeeInvis .     - Unarmed
rCold    . . .     Faith    .   k - +0 buckler
rNeg     . . .     Spirit   .   L - +3 ring mail
rPois    .         Reflect  .   (helmet restricted)
rElec    .         Harm     .   N - +1 cloak {Stlth+}
rCorr    .         Rampage  .   (gloves unavailable)
MR       .....                  (no boots)
Stlth    +.........             (no amulet)
HPRegen  0.21/turn              j - ring of wizardry
MPRegen  0.15/turn              F - +4 ring of evasion

@: mighty
A: antennae 1, claws 3, demonic guardian 1, powered by pain 1
a: Renounce Religion


You were on level 9 of the Dungeon.
You worshipped Makhleb.
Makhleb was aware of your devotion.
You visited 2 branches of the dungeon, and saw 10 of its levels.

You collected 570 gold pieces.
You spent 391 gold pieces at shops.

Inventory:

Hand Weapons
 M - the +8 war axe of the Unliving {venom, MR++ Dex+3}
   (You took it off a big kobold on level 8 of the Dungeon)

   It poisons the flesh of those it strikes.
   It affects your dexterity (+3).
   It affects your resistance to hostile enchantments.
Missiles
 b - 242 stones
 h - 111 poisoned darts (quivered)
 l - 39 sling bullets
 q - 152 arrows
 u - 106 bolts
 x - 6 javelins
 y - 9 atropa-tipped darts
 K - 6 curare-tipped darts
Armour
 k - a +0 buckler (worn)
 L - a +3 ring mail (worn)
 N - a +1 cloak of stealth (worn)
Jewellery
 j - a ring of wizardry (left claw)
 o - the ring "Kopnug" {Fire Dex+4}
   (You took it off an orc on level 6 of the Dungeon)

   [ring of fire]

   It enhances your fire magic.
   It affects your dexterity (+4).
   It protects you from fire.
   It makes you vulnerable to cold.
 z - a +6 ring of dexterity
 F - a +4 ring of evasion (right claw)
Wands
 m - a wand of flame (18)
 B - a wand of random effects (26)
 G - a wand of polymorph (15)
 H - a wand of iceblast (5)
Scrolls
 c - a scroll of torment {unknown}
 e - 12 scrolls of identify
 g - a scroll of fog
 t - a scroll of teleportation
 v - 2 scrolls of remove curse
 w - a scroll of blinking
 I - a scroll of amnesia
Potions
 a - 7 potions of flight
 d - 5 potions of curing
 f - 3 potions of cancellation {unknown}
 i - a potion of berserk rage {unknown}
 n - 3 potions of resistance {unknown}
 p - 3 potions of might
 r - a potion of brilliance {unknown}
 s - a potion of degeneration {unknown}
 A - a potion of ambrosia {unknown}
 C - a potion of haste {unknown}
 D - 2 potions of attraction
 E - 3 potions of heal wounds {unknown}


   Skills:
 + Level 5.6 Fighting
 - Level 1.7 Dodging
 - Level 1.7 Stealth
 + Level 2.7 Shields
 + Level 5.0 Unarmed Combat
 - Level 4.8 Spellcasting
   Level 0.8 Transmutations
 * Level 8.1 Earth Magic


You had 8 spell levels left.
You knew the following spells:

 Your Spells              Type           Power        Failure   Level
a - Sandblast             Erth           #####.       1%          1
b - Stone Arrow           Conj/Erth      ###...       10%         3
c - Lee's Rapid Deconstr  Erth           #####.....   16%         5

Your spell library contained the following spells:

 Spells                   Type           Power        Failure   Level
 Passwall                 Tmut/Erth      ###.....     4%          2
 Petrify                  Tmut/Erth      ###.....     26%         4


Dungeon Overview and Level Annotations

Branches:
Dungeon (9/15)             Temple (1/1) D:7
   Lair: D:8-11         Orc: D:9-12

Altars:
Ashenzari
Cheibriados
Dithmenos
Elyvilon
Fedhas
Gozag
Hepliaklqana
Kikubaaqudgha
Makhleb
Nemelex Xobeh
Okawaru
Qazlal
Ru
Sif Muna
Trog
Uskayaw
Vehumet
Wu Jian
Xom
Yredelemnul
Zin
The Shining One

Shops:
D:6 (   D:8 [

Annotations:
D:4 3 runed translucent doors, PanSaczeczos's ghost, amateur PaAr
D:9 Erica


Innate Abilities, Weirdness & Mutations

You have a pair of small antennae on your head.
You have claws for hands.
A weak demonic guardian rushes to your aid.
You sometimes gain a little power by taking damage.


Message History

Saving game... please wait.
Level annotation: Erica Welcome back, night the Demonspawn Earth Elementalist.
Blood and souls for Makhleb!
Press ? for a list of commands and other information.
As you read the scroll of fog, it crumbles to dust.
The scroll dissolves into smoke.
e - 12 scrolls of identify (gained 1)
An orc comes into view. It is wielding a +0 dagger.
The orc shouts!
Throwing (i - inventory. (/) - cycle)
h - 112 poisoned darts (quivered)
Press: ? - help, Shift-Dir - straight line, f - orc
Aim: an orc, wielding a +0 dagger You throw a poisoned dart.
The poisoned dart hits the orc.
The orc is poisoned.
An orc priest comes into view. It is wielding a +1 vorpal hand axe.
An orc comes into view.
The orc shouts!
You hear a shout!
The electric eel shoots out a bolt of lightning at you!
The bolt of electricity hits you!
You die...

##o. # ##(o# ## #...## ###.
#.o..# ##...
##..#.##########....
...................
#.......######.#.##
#..###§.# #..#.#
######.@§§§§.## ##.##.##
##§§§§§.#§§§...# #.......
##§§§§§..#§§##..###......#
#.§§§§§...#.#........§.[..
#...§.§..................#
#................##.......
#.........................
#......;....≈≈≈≈≈.#########
#.≈≈≈...≈≈≈≈..†≈≈≈...


You could see an electric eel and 2 orcs.

Vanquished Creatures
  A yak (D:9)
  Edmund (D:6)
  An ogre (D:4)
  2 phantoms (D:9)
  A big kobold (D:8)
  2 bullfrogs
  4 scorpions
  7 killer bees
  5 wights
  2 howler monkeys (D:9)
  2 jellies
  2 quasits (D:8)
  5 hounds
  An orc priest (D:8)
  A centaur skeleton (D:5)
  3 orc wizards
  A bullfrog skeleton (D:7)
  5 worker ants
  Ijyb (D:4)
  2 hound zombies
  A howler monkey zombie (D:7)
  5 gnolls
  9 adders
  A hound simulacrum (D:9)
  2 shadow imps (D:6)
  4 white imps
  2 ufetubi
  An adder zombie (D:8)
  2 adder skeletons
  3 worms
  2 dart slugs
  4 leopard geckos
  4 orcs
  4 giant cockroaches
  12 goblins
  5 hobgoblins
  4 jackals
  7 quokkas
  2 ball pythons
  4 bats (D:1)
  4 frilled lizards
  20 kobolds
  A leopard gecko skeleton (D:5)
  A quokka zombie (D:7)
  9 rats
162 creatures vanquished.

Vanquished Creatures (collateral kills)
  A wyvern (D:5)
  A sky beast (D:5)
  An ogre (D:5)
  2 big kobolds (D:7)
  A scorpion (D:5)
  A killer bee (D:9)
  A wight (D:7)
  A hound (D:7)
  2 orc priests (D:4)
  An orc (D:8)
  A giant cockroach (D:4)
  2 jackals (D:5)
15 creatures vanquished.

Vanquished Creatures (others)
  A hound zombie (D:5)
  3 plants (D:4)
4 creatures vanquished.

Grand Total: 181 creatures vanquished

Notes
Turn   | Place    | Note
-------+----------+-------------------------------------------
     0 | D:1      | night the Demonspawn Earth Elementalist began the quest for
                  | the Orb.
     0 | D:1      | Reached XP level 1. HP: 13/13 MP: 3/3
   225 | D:1      | Reached skill level 3 in Earth Magic
   225 | D:1      | Gained mutation: You have sharp fingernails. [demonic
                  | ancestry]
   225 | D:1      | Reached XP level 2. HP: 5/20 MP: 1/5
   880 | D:1      | Reached skill level 1 in Fighting
  1126 | D:1      | Gained mutation: A weak demonic guardian rushes to your
                  | aid. [demonic ancestry]
  1126 | D:1      | Reached XP level 3. HP: 18/26 MP: 6/6
  1303 | D:1      | Learned a level 3 spell: Stone Arrow
  2522 | D:2      | Reached skill level 1 in Unarmed Combat
  2801 | D:2      | Reached XP level 4. HP: 32/32 MP: 5/7
  3956 | D:4      | Noticed Ijyb
  3972 | D:4      | Killed Ijyb
  4021 | D:4      | Gained mutation: You have a pair of small antennae on your
                  | head. [demonic ancestry]
  4021 | D:4      | Reached XP level 5. HP: 31/38 MP: 9/9
  4088 | D:4      | Reached skill level 4 in Earth Magic
  4089 | D:4      | Reached skill level 2 in Fighting
  4453 | D:4      | Reached skill level 2 in Unarmed Combat
  4453 | D:4      | Gained mutation: You sometimes gain a little power by
                  | taking damage. [demonic ancestry]
  4453 | D:4      | Reached XP level 6. HP: 46/46 MP: 10/10
  4733 | D:4      | Found a runed translucent gate.
  4738 | D:4      | Found a runed translucent gate.
  4738 | D:4      | Found a runed translucent gate.
  4740 | D:4      | Noticed PanSaczeczos's ghost (amateur PaAr)
  4858 | D:4      | Found a hide-covered altar of Uskayaw.
  5259 | D:4      | Learned a level 5 spell: Lee's Rapid Deconstruction
  5337 | D:5      | Entered Level 5 of the Dungeon
  5337 | D:5      | Found a blossoming altar of Fedhas.
  5489 | D:5      | Reached skill level 5 in Earth Magic
  5546 | D:5      | Noticed Sigmund
  5575 | D:5      | Noticed Sigmund
  5575 | D:5      | Sigmund changed into Sigmund the hound
  5588 | D:5      | Killed Sigmund the hound
  5588 | D:5      | Reached XP level 7. HP: 34/52 MP: 12/12
  5771 | D:5      | Noticed a wyvern
  5780 | D:5      | Killed a wyvern
  6058 | D:5      | Found a white marble altar of Elyvilon.
  6429 | D:5      | You fall into a shaft and drop 1 floor!
  6468 | D:6      | Found Taykhuk's Antique Weapon Emporium.
  6681 | D:6      | Noticed Edmund
  6970 | D:7      | Found a staircase to the Ecumenical Temple.
  6982 | D:7      | Reached skill level 6 in Earth Magic
  6986 | D:7      | Gained mutation: You have very sharp fingernails. [demonic
                  | ancestry]
  6986 | D:7      | Reached XP level 8. HP: 60/60 MP: 3/14
  7215 | Temple   | Entered the Ecumenical Temple
  7437 | Temple   | Became a worshipper of Makhleb the Destroyer
  7477 | D:7      | Found a sacrificial altar of Ru.
  7488 | D:7      | Found a bloodstained altar of Trog.
  7506 | D:7      | Found a hazy altar of Hepliaklqana.
  7691 | D:6      | Identified the ring "Kopnug" {Fire Dex+4}
  7721 | D:6      | Killed Edmund
  7952 | D:6      | Found a hide-covered altar of Uskayaw.
  8447 | D:6      | Found a runed translucent door.
  8448 | D:6      | Noticed Crazy Yiuf
  8453 | D:6      | Noticed Crazy Yiuf
  8453 | D:6      | Crazy Yiuf changed into Crazy Yiuf the worker ant
  8468 | D:6      | Killed Crazy Yiuf the worker ant
  8650 | D:6      | Found a shimmering blue altar of Sif Muna.
  9152 | D:7      | Found an iron altar of Okawaru.
  9154 | D:7      | Found a basalt altar of Yredelemnul.
  9158 | D:7      | Reached skill level 7 in Earth Magic
  9763 | D:8      | Identified the +8 war axe of the Unliving {venom, MR++
                  | Dex+3}
  9779 | D:8      | Reached skill level 1 in Shields
  9867 | D:8      | Reached * piety under Makhleb
 10181 | D:8      | Reached skill level 5 in Fighting
 10526 | D:8      | Gained mutation: You have claws for hands. [demonic
                  | ancestry]
 10526 | D:8      | Reached XP level 9. HP: 68/68 MP: 7/16
 10655 | D:8      | Found Alinotso's Antique Armour Emporium.
 10660 | D:8      | Bought a runed cloak for 202 gold pieces
 10660 | D:8      | Bought a masterwork leather armour for 189 gold pieces
 10707 | D:8      | Identified the cursed +1 leather armour "Zox Dotrais"
                  | {*Slow Dex+7} (You bought it in a shop on level 8 of the
                  | Dungeon)
 10822 | D:8      | Reached skill level 2 in Shields
 11092 | D:9      | Reached skill level 8 in Earth Magic
 11375 | D:9      | Reached skill level 5 in Unarmed Combat
 11412 | D:9      | Noticed Erica
 11427 | D:9      | HP: 2/69 [something/lance of force (19)]
 11449 | D:9      | Killed from afar by an electric eel

Illustrated notes

Levels and vault maps discovered:
D:1:      tarquinn_simple_flora_water_d, layout_basic, serial_rivers,
          chequers_serial_rivers_micro_b, chequers_serial_rivers_room_b,
          chequers_serial_rivers_micro_a, chequers_serial_rivers_marsh,
          chequers_serial_rivers_small_b, minivault_5
D:2:      layout_basic
D:3:      layout_basic, nrook_mini_vaults, minmay_cupped
D:4:      minmay_wonky_spiral, layout_cave_pools,
          eat_drink_and_be_merry_uskayaw, gammafunk_ghost_nasty_kobolds,
          uniq_ijyb
D:5:      layout_gridville, elyvilon_altar_4, fedhas_altar_1, uniq_sigmund
D:6:      layout_cave_pools, led_sif_book, basic_altar, serial_shops,
          nicolae_shop_behind_doors, hangedman_decor_points,
          uniq_crazy_yiuf_cottage, uniq_edmund
D:7:      layout_basic, grunt_temple_overflow_open, minmay_temple_entry_trees,
          minmay_misc_feat_rugged
D:8:      layout_loops_ring, serial_shops, nicolae_shop_waterfront
D:9:      layout_rooms, serial_ice, serial_ice_h, serial_ice_j, serial_ice_c,
          serial_ice_g, uniq_erica
Temple:   nicolae_temple_figure_eight

Skill      XL: |  1  2  3  4  5  6  7  8  9 |
---------------+----------------------------+-----
Earth Magic    | 3 4 5 6 7 8 |  8.1
Fighting       | 1 2 3 5 |  5.6
Unarmed Combat | 1 2 3 4 5 |  5.0
Spellcasting   | 3 4 |  4.8
Shields        | 1 2 |  2.7
Dodging        | |  1.7
Stealth        | |  1.7
Transmutations | |  0.8

Action                   |  1- 3 |  4- 6 |  7- 9 || total
-------------------------+-------+-------+-------++-------
Melee: Unarmed           |    72 |   160 |   265 ||   497
       Short sword       |     1 |       |       ||     1
       Punch             |       |     3 |     1 ||     4
Throw: Stone             |     1 |       |       ||     1
       Dart              |     9 |    55 |    43 ||   107
 Cast: Sandblast         |    43 |    21 |    27 ||    91
       Stone Arrow       |     2 |     7 |    47 ||    56
       Lee's Rapid Decon |       |       |    10 ||    10
Evoke: Wand              |       |     2 |     7 ||     9
  Use: Scroll            |       |    10 |    10 ||    20
       Potion            |       |       |     1 ||     1
 Stab: Sleeping          |     2 |     1 |     1 ||     4
       Distracted        |       |       |     1 ||     1
Armor: Robe              |     8 |    16 |    32 ||    56
       Ring mail         |       |       |    42 ||    42
Dodge: Dodged            |    46 |   142 |   238 ||   426
Block: Buckler           |       |       |    25 ||    25

Table legend: (Time is in decaauts)
 A = Elapsed time spent in this place.
 B = Non-inter-level travel time spent in this place.
 C = Inter-level travel time spent in this place.
 D = Time resting spent in this place.
 E = Time spent auto-exploring this place.
 F = Levels seen in this place.
 G = Mean time per level.
                   A        B        C        D        E       F      G
               +--------+--------+--------+--------+--------+-----+--------+
         Total |  11441 |  11061 |    380 |   3565 |   5511 |  10 | 1144.1 |
       Dungeon |  11197 |  10879 |    318 |   3565 |   5331 |   9 | 1244.1 |
        Temple |    243 |    181 |     62 |      0 |    180 |   1 |  243.0 |
               +--------+--------+--------+--------+--------+-----+--------+

Top non-repeatable levels by time:
     D:1: 2044 daAuts
     D:6: 1643 daAuts
     D:8: 1423 daAuts
     D:4: 1377 daAuts
     D:5: 1274 daAuts
     D:7: 1068 daAuts
     D:3: 1023 daAuts
     D:2: 887 daAuts
     D:9: 455 daAuts
  Temple: 243 daAuts
